 Dungeon Crawl Stone Soup version 0.28-a0-1638-g9123634e07 (webtiles) character file.

Game seed: 3277460176858155652

81 testman the Skirmisher (level 4, -2/30 HPs)
             Began as a Gargoyle Monk on Jan 25, 2022.
             Was a Follower of Uskayaw.
             Slain by a hound (5 damage)
             ... on level 3 of the Dungeon.
             The game lasted 00:06:23 (2230 turns).

testman the Skirmisher (Gargoyle Monk)              Turns: 2230, Time: 00:06:24

Health: -2/30      AC:  8    Str: 16    XL:     4   Next: 40%
Magic:  2/4        EV: 11    Int: 11    God:    Uskayaw [*.....]
Gold:   68         SH:  0    Dex: 12    Spells: 3/3 levels left

rFire   . . .      SeeInvis .   k - +0 flail
rCold   . . .      Faith    .   (no shield)
rNeg    + . .      Spirit   .   e - +0 ring mail
rPois   ∞          Reflect  .   (no helmet)
rElec   +          Harm     .   (no cloak)
rCorr   .          Rampage  .   (no gloves)
Will    .....                   (no boots)
Stlth   +.........              (no amulet)
HPRegen 0.10/turn               (no ring)
MPRegen 0.09/turn               (no ring)

@: no status effects
A: sickness immunity, AC +3, negative energy resistance 1, electricity
resistance, torment resistance 1, petrification resistance
a: Renounce Religion, Stomp


You were on level 3 of the Dungeon.
You worshipped Uskayaw.
Uskayaw was noncommittal.
You visited 1 branch of the dungeon, and saw 3 of its levels.

You collected 68 gold pieces.

Inventory:

Hand Weapons
 a - a +0 mace
 k - a +0 flail (weapon)
Missiles
 f - 70 stones
 h - 4 boomerangs (quivered)
 j - 4 datura-tipped darts
Armour
 b - a +0 robe
 e - a +0 ring mail (worn)
Scrolls
 c - a scroll of fear {unknown}
 g - 3 scrolls of identify {unknown}
 i - 2 scrolls of holy word {unknown}
 l - a scroll of silence {unknown}
 n - a scroll of vulnerability {unknown}
Potions
 d - 3 potions of curing {unknown}
 m - 2 potions of cancellation {unknown}


   Skills:
 + Level 4.6 Fighting
 + Level 4.1 Maces & Flails
 - Level 2.4 Dodging
 - Level 2.1 Stealth


You had 3 spell levels left.
You didn't know any spells.
Your spell library contained the following spells:

 Spells                   Type           Power      Damage    Failure   Level
 Gell's Gravitas          Tloc           0%         N/A       90%         3
 Teleport Other           Tloc           0%         N/A       90%         3
 Dispersal                Tloc           0%         N/A       100%        6


Dungeon Overview and Level Annotations

Branches:
Dungeon (3/15)

Altars:
Uskayaw


Innate Abilities, Weirdness & Mutations

You are immune to sickness and miasma.
Your stone body is resilient. (AC +3)
You are immune to poison.
You resist negative energy. (rN+)
You are resistant to electric shocks. (rElec)
You are resistant to unholy torment.
You are immune to petrification.


Message History

You closely miss the hound.
The hound is heavily wounded.
The hound closely misses you. The hound bites you but does no damage.
You stomp with the beat, sending a shockwave through the revellers around you!
The hound is almost dead.
You can no longer pass through a line of other dancers.
The hound bites you but does no damage.
You don't have enough magic at the moment.
Unknown command.
You barely miss the hound.
The hound is almost dead.
The hound misses you. The hound bites you but does no damage.
You barely miss the hound.
The hound is almost dead.
The hound bites you but does no damage. The hound bites you.
* * * LOW HITPOINT WARNING * * *
You barely miss the hound.
The hound is almost dead.
The hound closely misses you. x2
You closely miss the hound.
The hound is almost dead.
The hound closely misses you. The hound bites you.
* * * LOW HITPOINT WARNING * * *
You hit the hound.
The hound is almost dead.
The hound closely misses you.
Okay, then.
You barely miss the hound.
The hound is almost dead.
The hound closely misses you. x2
You barely miss the hound.
The hound is almost dead.
The hound completely misses you. The hound misses you.
You closely miss the hound.
The hound is almost dead.
The hound bites you but does no damage. x2
You miss the hound.
The hound is almost dead.
The hound bites you.
You die...

... #######.....
.....#...........
......#...........
..............?...
................
...............####
#.###..............
#..........@h......
...................
##....)..........
#....######....(
#....# ....( #....#
.... #....# .).
#....# ... #.####


You could see a hound.

Vanquished Creatures
  2 adders
  2 dart slugs
  8 bats
  4 endoplasms
  4 giant cockroaches (D:1)
  4 goblins
  7 hobgoblins
  2 jackals (D:3)
  A quokka (D:2)
  8 ball pythons
  A frilled lizard (D:1)
  6 kobolds
  5 rats
54 creatures vanquished.

Notes
Turn   | Place    | Note
-------+----------+-------------------------------------------
     0 | D:1      | testman the Gargoyle Monk began the quest for the Orb.
     0 | D:1      | Reached XP level 1. HP: 14/14 MP: 1/1
   209 | D:1      | Reached XP level 2. HP: 10/19 MP: 2/2
   790 | D:1      | Reached XP level 3. HP: 21/24 MP: 3/3
  1423 | D:2      | Found a faded altar of an unknown god.
  1450 | D:2      | Prayed at the altar of an unknown god.
  1450 | D:2      | Became a worshipper of Uskayaw the Reveller
  1450 | D:2      | Reached * piety under Uskayaw
  1450 | D:2      | Reached ** piety under Uskayaw
  1733 | D:2      | Reached XP level 4. HP: 30/30 MP: 4/4
  2230 | D:3      | Slain by a hound

Illustrated notes

Levels and vault maps discovered:
D:1:      saegor_arrival_simple_a, layout_rooms, grunt_decor_cap,
          dk_noncrumbling_4, nrook_mini_backslash, chequers_mini_garden,
          kennysheep_boxes
D:2:      layout_basic, basic_ecumenical_altar, minmay_misc_feat_four_crosses,
          hex_medium, grunt_ministairs_7
D:3:      layout_basic, uniq_crazy_yiuf_cottage

Skill      XL: |  1  2  3  4 |
---------------+-------------+-----
Fighting       | 4 |  4.6
Maces & Flails | 4 |  4.1
Dodging        | |  2.4
Stealth        | |  2.1

Action                   |  1- 3 |  4- 6 || total
-------------------------+-------+-------++-------
Melee: Mace              |    86 |       ||    86
       Flail             |    34 |    52 ||    86
       Punch             |       |     1 ||     1
Throw: Boomerang         |     5 |       ||     5
Invok: Stomp             |       |     1 ||     1
 Stab: Sleeping          |       |     1 ||     1
Armor: Ring mail         |    66 |    32 ||    98
       Robe              |     3 |       ||     3
Dodge: Dodged            |   118 |    53 ||   171

Table legend: (Time is in decaauts)
 A = Elapsed time spent in this place.
 B = Non-inter-level travel time spent in this place.
 C = Inter-level travel time spent in this place.
 D = Time resting spent in this place.
 E = Time spent auto-exploring this place.
 F = Levels seen in this place.
 G = Mean time per level.
                   A        B        C        D        E       F      G
               +--------+--------+--------+--------+--------+-----+--------+
         Total |   2267 |   2182 |     85 |    479 |   1271 |   3 |  755.7 |
       Dungeon |   2267 |   2182 |     85 |    479 |   1271 |   3 |  755.7 |
               +--------+--------+--------+--------+--------+-----+--------+

Top non-repeatable levels by time:
     D:1: 1340 daAuts
     D:2: 771 daAuts
     D:3: 155 daAuts
